 Dungeon Crawl Stone Soup version 0.29-a0-961-gfab03dca74 (webtiles) character file.

Game seed: 2697135451006202325

5538 Ajdolov the Cleaver (level 10, -1/77 HPs)
             Began as a Ghoul Monk on July 30, 2022.
             Was an Initiate of Uskayaw.
             Slain by a vampire (8 damage)
             ... on level 10 of the Dungeon.
             The game lasted 00:18:51 (13366 turns).

Ajdolov the Cleaver (Ghoul Monk)                   Turns: 13366, Time: 00:18:51

Health: -1/77      AC: 15    Str: 17    XL:     10   Next: 71%
Magic:  18/25      EV:  7    Int:  5    God:    Uskayaw [......]
Gold:   1346       SH:  0    Dex: 11    Spells: 9/9 levels left

rFire   + + +      SeeInvis .   u - +0 battleaxe
rCold   + . .      Faith    .   (shield currently unavailable)
rNeg    + + +      Spirit   .   q - +0 chain mail
rPois   ∞          Reflect  .   l - +0 helmet
rElec   +          Harm     .   v - +1 cloak {rCorr}
rCorr   +          Rampage  .   (no gloves)
Will    .....                   (no boots)
Stlth   ..........              (no amulet)
HPRegen 0.00/turn               b - ring of Ihuch {rElec rF+++ MP+9 Str-3 Stlth+}
MPRegen 0.19/turn               p - +4 ring of protection

@: inhibited regen, hasted, very quick
A: claws 1, cold resistance 1, negative energy resistance 3, inhibited
regeneration, torment resistance 2, devour on kill
a: Renounce Religion


You were on level 10 of the Dungeon.
You worshipped Uskayaw.
Uskayaw was aware of your devotion.
You visited 1 branch of the dungeon, and saw 10 of its levels.
You also visited: Sewer.

You collected 1346 gold pieces.

Inventory:

Hand Weapons
 u - a +0 battleaxe (weapon)
Missiles
 f - 8 boomerangs (quivered)
 i - 5 javelins
 j - 2 throwing nets
 n - a boomerang of dispersal
 r - a curare-tipped dart
Armour
 l - a +0 helmet (worn)
 q - a +0 chain mail (worn)
 v - a +1 cloak of preservation (worn)
Jewellery
 b - the ring of Ihuch (left claw) {rElec rF+++ MP+9 Str-3 Stlth+}
   (You acquired it on level 5 of the Dungeon)

   [ring of magical power]

   Str:       It affects your strength (-3).
   rF:        It renders you almost immune to fire.
   rElec:     It insulates you from electricity.
   MP:        It affects your magic capacity (+9).
   Stlth:     It makes you more stealthy.
 o - a ring of flight
 p - a +4 ring of protection (right claw)
 w - an amulet of magic regeneration
Wands
 a - a wand of mindburst (13)
Scrolls
 d - a scroll of silence
 e - 2 scrolls of enchant weapon
 x - 5 scrolls of magic mapping
 y - 5 scrolls of teleportation
 C - 3 scrolls of poison
 G - a scroll of immolation
Potions
 c - a potion of curing
 g - a potion of berserk rage {unknown}
 h - 6 potions of flight
 m - 5 potions of degeneration
 s - a potion of brilliance
 t - a potion of lignification {unknown}
 F - a potion of magic


   Skills:
 - Level 3.2 Fighting
 * Level 12.2 Axes
 - Level 2.6 Dodging
 - Level 2.1 Stealth
 + Level 9.5 Invocations


You had 9 spell levels left.
You didn't know any spells.
Your spell library contained the following spells:

 Spells                   Type           Power      Damage    Failure   Level
 Magic Dart               Conj           0%         1d3       100%        1
 Blink                    Tloc           0%         N/A       100%        2
 Call Imp                 Summ           0%         N/A       100%        2
 Ensorcelled Hibernation  Hex/Ice        0%         N/A       100%        2
 Passwall                 Tmut/Erth      0%         N/A       100%        2
 Gell's Gravitas          Tloc           0%         N/A       100%        3
 Lesser Beckoning         Tloc           0%         N/A       100%        3
 Mephitic Cloud           Conj/Pois/Air  0%         N/A       100%        3
 Swiftness                Air            0%         N/A       100%        3
 Teleport Other           Tloc           0%         N/A       100%        3
 Petrify                  Tmut/Erth      0%         N/A       100%        4
 Manifold Assault         Tloc           0%         N/A       100%        5
 Metabolic Englaciation   Hex/Ice        0%         N/A       100%        5
 Dispersal                Tloc           0%         N/A       100%        6
 Statue Form              Tmut/Erth      Unusable   N/A       N/A         6

Dungeon Overview and Level Annotations

Branches:
Dungeon (10/15)            Temple (0/1) D:6            Lair (0/5) D:8
  Sewer (visited)
    Orc: D:9-12

Altars:
Cheibriados
Kikubaaqudgha
Trog
Uskayaw

Shops:
D:3 (   D:7 *

Annotations:
D:3 3 runed translucent doors, sphynx's ghost, amateur FoFi
D:7 1 runed translucent door, Garessta's ghost, novice FeSu


Innate Abilities, Weirdness & Mutations

You are immune to poison.
You have sharp fingernails.
Your flesh is cold resistant. (rC+)
You are immune to negative energy. (rN+++)
You do not regenerate when monsters are visible.
You are immune to unholy pain and torment.
You thrive by killing the living.


Message History

You hear some strange, mumbled words.
Something tries to affect you, but you resist.
You hit the shadow.
The shadow is heavily damaged.
You slash something!
Reactivating autopickup.
You feel a bit more experienced.
You can now pass through a line of other dancers.
You hit the shadow but do no damage.
The shadow is heavily damaged.
The shadow hits you.
* * * LOW HITPOINT WARNING * * *
Aiming: Line Pass
Press: ? - help, Dir - move target The shadow appears confused.
The centaur warrior zombie appears confused.
You can no longer pass through a line of other dancers.
The centaur warrior zombie barely misses you. x2
The shadow hits the centaur warrior zombie!
You feel better. The centaur warrior zombie hits you.
* * * LOW HITPOINT WARNING * * *
The centaur warrior zombie kicks you but does no damage.
The centaur warrior zombie hits itself.
The centaur warrior zombie kicks itself but does no damage.
The shadow barely misses itself.
Something hits you but does no damage.
Deactivating autopickup; reactivate with Ctrl-A.
Something bites you but does no damage.
You stomp with the beat, sending a shockwave through the revellers around you!
The centaur warrior zombie is heavily damaged.
You can no longer stomp with the beat.
Unknown command.
You feel as though your hastened speed will last longer.
The centaur warrior zombie seems less confused.
The centaur warrior zombie hits you but does no damage.
The centaur warrior zombie barely misses you.
Something hits you but does no damage. Something bites you but does no damage.
The shadow seems less confused.
Something hits you.
* * * LOW HITPOINT WARNING * * *
Something bites you!
You die...

#######+#####
#....<...Z..#
#.#####.###Z#
#...!....Z#
#.....{W###
#..8.@Z.#
#.....###
#....$#
#.##### .. ##


You could see a shadow, a centaur warrior zombie and 2 howler monkey zombies.

Vanquished Creatures
  Maggie (D:8)
  A komodo dragon (D:8)
  A vampire (D:10)
  2 wyverns (D:8)
  3 steam dragons (D:9)
  2 basilisks (D:8)
  Edmund (D:6)
  An acid dragon (D:9)
  2 water moccasins
  A swamp drake (D:8)
  2 black bears
  2 orc warriors
  A sky beast (D:7)
  An ice beast (D:6)
  A centaur (D:6)
  A phantom (D:7)
  2 kobold brigands
  Blork the orc (D:5)
  5 bullfrogs
  4 scorpions (D:6)
  2 necrophages
  3 wights
  3 killer bees (D:8)
  7 howler monkeys
  7 orc priests
  2 gnoll boudas
  4 hounds
  2 jellies (D:5)
  4 iguanas
  8 orc wizards
  15 gnolls
  10 adders
  7 river rats
  A white imp (D:8)
  4 ufetubi
  2 worms (D:5)
  5 dart slugs
  31 orcs
  8 ball pythons
  8 bats
  5 endoplasms
  6 giant cockroaches
  8 hobgoblins
  10 jackals
  15 kobolds
  2 quokkas
  7 frilled lizards
  4 goblins
  5 rats
230 creatures vanquished.

Vanquished Creatures (collateral kills)
  A killer bee (D:8)
1 creature vanquished.

Vanquished Creatures (others)
  An orc (D:9)
  2 plants (D:1)
3 creatures vanquished.

Grand Total: 234 creatures vanquished

Notes
Turn   | Place    | Note
-------+----------+-------------------------------------------
     0 | D:1      | Ajdolov the Ghoul Monk began the quest for the Orb.
     0 | D:1      | Reached XP level 1. HP: 19/19 MP: 0/0
    26 | D:1      | Reached skill level 3 in Axes
    30 | D:1      | Reached XP level 2. HP: 21/26 MP: 1/1
   844 | D:1      | Reached XP level 3. HP: 31/31 MP: 2/2
   986 | D:1      | Reached skill level 4 in Axes
  1973 | D:2      | Found a faded altar of an unknown god.
  1983 | D:2      | Reached XP level 4. HP: 37/38 MP: 3/3
  2325 | D:3      | Found Puxir's Weapon Boutique.
  2477 | D:3      | Found a hide-covered altar of Uskayaw.
  2510 | D:3      | Became a worshipper of Uskayaw the Reveller
  2510 | D:3      | Reached * piety under Uskayaw
  2571 | D:3      | Noticed sphynx's ghost (amateur FoFi)
  2704 | D:3      | Found a runed translucent gate.
  2704 | D:3      | Found a runed translucent gate.
  2704 | D:3      | Found a runed translucent gate.
  3044 | D:4      | Reached skill level 5 in Axes
  3044 | D:4      | Reached skill level 1 in Invocations
  3044 | D:4      | Reached XP level 5. HP: 19/45 MP: 4/4
  3240 | D:4      | Reached ** piety under Uskayaw
  3246 | D:4      | Reached *** piety under Uskayaw
  3596 | D:4      | Reached XP level 6. HP: 39/51 MP: 6/6
  3805 | D:4      | Found a snail-covered altar of Cheibriados.
  3806 | D:4      | Found an ancient bone altar of Kikubaaqudgha.
  3806 | D:4      | Found a bloodstained altar of Trog.
  3831 | D:4      | Reached **** piety under Uskayaw
  3838 | D:4      | Reached ***** piety under Uskayaw
  3967 | D:4      | Reached skill level 6 in Axes
  4403 | D:5      | Entered Level 5 of the Dungeon
  4458 | D:5      | Found a glowing drain.
  4476 | Sewer    | Entered a sewer
  4727 | Sewer    | Reached XP level 7. HP: 57/57 MP: 8/8
  5373 | D:5      | Reached skill level 7 in Axes
  6294 | D:5      | Reached XP level 8. HP: 58/63 MP: 10/10
  6400 | D:5      | Noticed Blork the orc
  6416 | D:5      | Killed Blork the orc
  6725 | D:5      | Identified a scroll of acquirement
  6725 | D:5      | Acquired the ring of Ihuch {rElec rF+++ MP+9 Str-3 Stlth+}
  6806 | D:6      | Reached skill level 5 in Invocations
  6895 | D:6      | Found a staircase to the Ecumenical Temple.
  6969 | D:6      | Reached skill level 8 in Axes
  7736 | D:6      | Reached skill level 9 in Axes
  7742 | D:6      | Acquired 958 gold pieces
  7925 | D:6      | Noticed Edmund
  7947 | D:6      | Killed Edmund
  7948 | D:6      | Reached XP level 9. HP: 6/70 MP: 12/12
  8625 | D:7      | Found a runed translucent door.
  8630 | D:7      | Noticed Garessta's ghost (novice FeSu)
  8631 | D:7      | Noticed a five-headed hydra
  8639 | D:7      | Found Iteatygawa's Elemental Accessories.
  8705 | D:7      | Acquired a +0 cloak of preservation
  9199 | D:7      | Reached skill level 10 in Axes
  9463 | D:8      | Noticed Maggie
  9476 | D:8      | HP: 3/70 [killer bee (5)]
  9487 | D:8      | HP: 2/70 [water moccasin (2)]
  9827 | D:8      | Killed Maggie
 10523 | D:8      | Reached XP level 10. HP: 76/77 MP: 15/15
 10570 | D:8      | Identified the +3 hand axe "Waumic" {vamp, *Slow rPois
                  | rCorr Int+7}
 10736 | D:8      | Reached skill level 11 in Axes
 11111 | D:8      | HP: 2/77 [wyvern (8)]
 11241 | D:8      | HP: 3/77 [orc/+0 club (1)]
 11705 | D:8      | Found a staircase to the Lair.
 12926 | D:9      | Reached skill level 12 in Axes
 13332 | D:10     | Entered Level 10 of the Dungeon
 13357 | D:10     | HP: 3/77 [something (21)]
 13366 | D:10     | Slain by a vampire

Illustrated notes

Levels and vault maps discovered:
D:1:      denvon_arrival_planthouse, layout_loops_cross, serial_bayou_lake_a
D:2:      layout_loops_ring, hellmonk_ecumenical_altar_zigzags
D:3:      layout_loops_ring, mainiacjoe_overflow_concentric_impassable,
          serial_shops, nicolae_square_shop, gammafunk_ghost_icy
D:4:      layout_loops_corners, chequers_temple_overflow_statue_of_worship,
          chequers_ossuary_entry_cave
D:5:      layout_basic, gup_sewer_entry_bubbles, uniq_blork_the_orc
D:6:      layout_gridville, minmay_temple_entry_from_below_a, uniq_edmund
D:7:      layout_loops_ring, ebering_ghost_inner_flame, nicolae_elemental_shop,
          minmay_misc_feat_nine_boxes
D:8:      layout_loops_ring, erik_lair_dragon, uniq_maggie
D:9:      layout_basic, corner_web_ring, minivault_11
D:10:     layout_roguey [special_room_bee], gammafunk_ghost_split,
          serial_undead, serial_undead_c, serial_undead_d, serial_undead_f,
          serial_undead_c, serial_undead_e, serial_undead_b, serial_undead_b,
          serial_undead_d, serial_undead_d, serial_undead_f, uniq_fannar,
          uniq_erolcha

Skill      XL: |  1  2  3  4  5  6  7  8  9 10 |
---------------+-------------------------------+-----
Axes           | 3 4 5 6 7 9 10 12 | 12.2
Invocations    | 1 2 3 4 6 8 9 |  9.5
Fighting       | |  3.2
Dodging        | |  2.6
Stealth        | |  2.1

Action                   |  1- 3 |  4- 6 |  7- 9 | 10-12 || total
-------------------------+-------+-------+-------+-------++-------
Melee: Hand axe          |   112 |   182 |       |       ||   294
       Punch             |     1 |       |     2 |       ||     3
       War axe           |       |   107 |   312 |       ||   419
       Battleaxe         |       |       |    99 |   176 ||   275
Throw: Boomerang         |       |       |     2 |       ||     2
       Javelin           |       |       |     5 |       ||     5
       Dart              |       |       |     1 |     1 ||     2
       Throwing net      |       |       |       |     1 ||     1
Invok: Line Pass         |       |       |     1 |     1 ||     2
       Stomp             |       |       |     3 |     2 ||     5
  Use: Scroll            |       |       |    24 |       ||    24
       Potion            |       |       |     9 |     6 ||    15
 Stab: Sleeping          |     4 |       |       |       ||     4
       Paralysed         |       |     6 |    26 |     5 ||    37
       Held in net/web   |       |       |       |     1 ||     1
Armor: Robe              |     5 |       |       |       ||     5
       Leather armour    |     3 |       |       |       ||     3
       Ring mail         |    11 |       |       |       ||    11
       Scale mail        |     5 |       |       |       ||     5
       Chain mail        |     3 |   178 |   334 |   136 ||   651
Dodge: Dodged            |    52 |   118 |   199 |    68 ||   437

Table legend: (Time is in decaauts)
 A = Elapsed time spent in this place.
 B = Non-inter-level travel time spent in this place.
 C = Inter-level travel time spent in this place.
 D = Time resting spent in this place.
 E = Time spent auto-exploring this place.
 F = Levels seen in this place.
 G = Mean time per level.
                   A        B        C        D        E       F      G
               +--------+--------+--------+--------+--------+-----+--------+
         Total |  13687 |  13360 |    327 |   1854 |   9013 |  11 | 1244.3 |
       Dungeon |  12844 |  12517 |    327 |   1854 |   8451 |  10 | 1284.4 |
         Sewer |    842 |    842 |      0 |      0 |    562 |   1 |  842.0 |
               +--------+--------+--------+--------+--------+-----+--------+

Top non-repeatable levels by time:
     D:8: 2617 daAuts
     D:5: 2280 daAuts
     D:1: 1396 daAuts
     D:4: 1386 daAuts
     D:6: 1237 daAuts
     D:7: 1143 daAuts
     D:9: 1082 daAuts
   Sewer: 842 daAuts
     D:3: 840 daAuts
     D:2: 827 daAuts
    D:10: 33 daAuts
